 Dungeon Crawl Stone Soup version 0.30-a0-777-ga9a30cbeda (webtiles) character file.

Game seed: 11993087535959656553

891 mopl the Insei (level 8, 0/52 HPs)
             Began as a Djinni Transmuter on Feb 13, 2023.
             Slain by a two-headed ogre
             ... wielding a +0 giant club
              (25 damage)
             ... on level 5 of the Dungeon.
             The game lasted 00:05:47 (3695 turns).

mopl the Insei (Djinni Transmuter)                  Turns: 3695, Time: 00:05:48

Health: 0/52       AC:  2    Str: 11    XL:     8   Next: 27%
Gold:   62         EV: 19    Int: 15    God:
                   SH:  0    Dex: 19

rFire   . . .      SeeInvis .      - Unarmed
rCold   . . .      Faith    .    (shield currently unavailable)
rNeg    . . .      Spirit   .    (body armour currently unavailable)
rPois   ∞          Reflect  .    (helmet currently unavailable)
rElec   .          Harm     .    (cloak currently unavailable)
rCorr   .          Rampage  .    (gloves currently unavailable)
Will    .....                    (boots unavailable)
Stlth   ++                       (no amulet)
HPRegen 0.28/turn                (no ring)
MPRegen 0.00/turn                (no ring)

@: spider-form (expiring), flying
A: venomous fangs, flying, sickness immunity, tiny, (fire resistance 2), (cold
vulnerability 1), float, innate caster, HP casting, extra vitality 1
a: End Transformation


You were on level 5 of the Dungeon.
You were a venomous arachnid creature.
You visited 1 branch of the dungeon, and saw 5 of its levels.

You collected 231 gold pieces.
You spent 169 gold pieces at shops.

Inventory:

Hand Weapons
 k - a +0 war axe of freezing
 u - a +2 dagger of holy wrath
Missiles
 h - 4 javelins
 i - 8 poisoned darts
 s - 4 atropa-tipped darts
Armour
 a - a +0 robe (melded)
 y - a +0 pair of gloves (melded)
Magical Staves
 q - a staff of poison
Wands
 w - a wand of flame (10)
Scrolls
 e - 3 scrolls of fog
 g - 4 scrolls of teleportation
 j - 2 scrolls of silence {unknown}
 l - a scroll of magic mapping {unknown}
 n - a scroll of enchant armour {unknown}
 o - a scroll of acquirement {unknown}
 p - 2 scrolls of noise {unknown}
 t - 2 scrolls of blinking {unknown}
 v - 2 scrolls of enchant weapon {unknown}
 x - a scroll of poison
 z - a scroll of fear {unknown}
Potions
 b - a potion of lignification {!q}
 c - a potion of cancellation
 d - a potion of brilliance
 f - 3 potions of curing
 m - a potion of flight
 r - a potion of berserk rage {!q}


   Skills:
 - Level 1.0 Fighting
 - Level 2.1 Dodging
 * Level 7.9 Unarmed Combat
 + Level 4.1 Spellcasting


You couldn't memorise any spells.
You knew the following spells:

 Your Spells              Type           Power      Damage    Failure   Level
a - Beastly Appendage     Tmut           30%        N/A       11%         1
b - Spider Form           Tmut/Pois      15%        N/A       24%         3
c - Magic Dart            Conj           60%        1d6       11%         1
d - Ice Form              Ice/Tmut       15%        N/A       54%         4
e - Momentum Strike       Conj/Tloc      30%        3d8       14%         2
f - Call Imp              Summ           15%        N/A       14%         2
w - Wereblood             Tmut           15%        N/A       14%         2
Your spell library was empty.

Dungeon Overview and Level Annotations

Branches:
Dungeon (5/15)
 Temple: D:4-7

Altars:

Shops:
D:4 ?

Annotations:
D:4 2 transporters


Innate Abilities, Weirdness & Mutations

You are a venomous arachnid creature.
You have venomous fangs.
You are tiny and dextrous.
You are flying.
Your spellcasting is less reliable in this form.
Your armour is entirely melded.
You are incapable of wielding weapons or throwing items.
You are immune to sickness and miasma.
You are immune to poison.
((Your flesh is very heat resistant. (rF++)))
((You are vulnerable to cold. (rC-)))
You float through the air rather than walking.
You learn spells naturally, not from books.
Your magical power is your life essence.
You have superior vitality. (+4 MHP)


Message History

Your transformation is almost over.
The yak bellows!
There is an open door here.
Your transformation has ended.
Your +0 pair of gloves unmelds from your body.
Your +0 robe unmelds from your body.
Casting: Spider Form (dangerous; 10% risk of failure)
Confirm with . or Enter, or press ? or * to list all spells.
You turn into a venomous arachnid creature.
Your +0 pair of gloves melds into your body.
Your +0 robe melds into your body.
You hit the yak but do no damage.
The yak is poisoned.
The yak gores you.
You hit the yak.
The yak looks as sick as possible!
The yak is lightly wounded.
The yak misses you.
You hit the yak.
The yak looks as sick as possible!
The yak is moderately wounded.
The yak closely misses you.
You barely miss the yak.
The yak is heavily wounded.
Your transformation is almost over.
The yak barely misses you.
You hit the yak but do no damage.
The yak is heavily wounded.
The yak gores you.
You hit the yak but do no damage.
The yak looks as sick as possible!
The yak is heavily wounded.
The yak misses you.
You hit the yak.
The yak looks as sick as possible!
The yak is heavily wounded.
You hit the yak but do no damage.
The yak is severely wounded.
The yak closely misses you.
You hit the yak.
The yak is severely wounded.
The yak gores you!
The two-headed ogre attacks as you move away!
The two-headed ogre barely misses you.
The two-headed ogre hits you with a +0 giant club!!
You die...

...##..........~≈≈~~..........#..
...............~≈≈~...........##.
...........<..~~≈≈~...........###
.........#####~≈≈~~###...##......
...#######....~≈≈~...#...##......
...#..........~≈≈~...#....†......
.[.#..........~≈≈~...#...........
...#..........~≈≈~~..#........###
...#..........~Ys≈~..##'###...#
...+...........O≈≈~##.....#...#
...............~≈≈~~#.....#...#
~~~~.~≈~≈~.....~~≈≈~#.....'...#
≈≈≈≈.≈≈≈≈~......~≈≈~~.....#...#
≈≈≈~.~≈≈≈~.+###.~~≈≈~.....######
~≈≈~.~~~≈~......#~≈≈~#####.....#
~~≈~............#~~~~# #.....#
......~≈~~......###### #.....#


You could see a two-headed ogre and a yak (extremely poisoned).

Vanquished Creatures
  2 black bears
  2 centaurs (D:5)
  A phantom (D:5)
  A kobold brigand (D:5)
  2 scorpions
  A hound (D:5)
  A jelly (D:5)
  An orc priest (D:2)
  An orc wizard (D:2)
  5 adders
  4 gnolls
  A worm (D:2)
  3 dart slugs
  3 orcs (D:2)
  6 ball pythons
  11 endoplasms
  4 giant cockroaches
  5 goblins
  4 hobgoblins
  2 jackals (D:1)
  7 kobolds
  A quokka (D:2)
  4 bats
  2 frilled lizards (D:3)
  8 rats
82 creatures vanquished.

Notes
Turn   | Place    | Note
-------+----------+-------------------------------------------
     0 | D:1      | mopl the Djinni Transmuter began the quest for the Orb.
     0 | D:1      | mopl set off with the following spells memorised: Beastly
                  | Appendage, Wereblood, Spider Form, Ice Form.
     0 | D:1      | Reached XP level 1. HP: 17/17 MP: 0/0
   237 | D:1      | Reached XP level 2. HP: 14/22 MP: 0/0
   640 | D:1      | Reached XP level 3. HP: 11/27 MP: 0/0
   640 | D:1      | Learned a level 1 spell: Magic Dart
  1028 | D:1      | Reached skill level 2 in Spellcasting
  1144 | D:2      | You are sucked into a shaft and drop 1 floor!
  1209 | D:2      | Reached skill level 4 in Unarmed Combat
  1356 | D:2      | Reached XP level 4. HP: 31/32 MP: 0/0
  1372 | D:2      | Reached XP level 5. HP: 13/37 MP: 0/0
  1372 | D:2      | Learned a level 2 spell: Momentum Strike
  1656 | D:3      | Reached skill level 5 in Unarmed Combat
  2146 | D:2      | Reached XP level 6. HP: 42/42 MP: 0/0
  2535 | D:4      | Found a transporter.
  2536 | D:4      | Found a transporter.
  2540 | D:4      | Found Sovuamn's Magic Scroll Emporium.
  2545 | D:4      | Bought a scroll of poison for 52 gold pieces
  2545 | D:4      | Bought a scroll of identify for 26 gold pieces
  2545 | D:4      | Bought a scroll of fog for 52 gold pieces
  2545 | D:4      | Bought a scroll of teleportation for 39 gold pieces
  2694 | D:4      | Reached skill level 3 in Spellcasting
  2769 | D:4      | Noticed a black bear
  2776 | D:4      | Killed a black bear
  2777 | D:4      | Reached skill level 6 in Unarmed Combat
  2777 | D:4      | Reached XP level 7. HP: 42/47 MP: 0/0
  2777 | D:4      | Learned a level 2 spell: Call Imp
  3030 | D:5      | Entered Level 5 of the Dungeon
  3203 | D:5      | Reached skill level 7 in Unarmed Combat
  3551 | D:5      | Reached XP level 8. HP: 49/52 MP: 0/0
  3642 | D:5      | Reached skill level 4 in Spellcasting
  3645 | D:5      | Noticed a two-headed ogre
  3651 | D:5      | Noticed a yak
  3695 | D:5      | Slain by a two-headed ogre

Illustrated notes

Levels and vault maps discovered:
D:1:      saegor_arrival_simple_c, layout_basic
D:2:      layout_basic, hangedman_abyss_or_decor_lesser_grid
D:3:      layout_rooms, minivault_4
D:4:      gammafunk_wand_slinger, layout_cave_pools, serial_shops, shop
D:5:      wander_river, layout_gridville, minmay_misc_feat_chi, minivault_14,
          minmay_manual_moon

Skill      XL: |  1  2  3  4  5  6  7  8 |
---------------+-------------------------+-----
Spellcasting   | 2 3 4 |  4.1
Unarmed Combat | 4 5 6 7 |  7.9
Fighting       | |  1.0
Dodging        | |  2.1

Action                     |  1- 3 |  4- 6 |  7- 9 || total
---------------------------+-------+-------+-------++-------
  Melee: Unarmed           |    95 |   152 |    63 ||   310
         Headbutt          |    12 |     6 |     6 ||    24
         Punch             |     2 |     6 |     1 ||     9
  Throw: Dart              |     2 |       |       ||     2
   Cast: Beastly Appendage |    15 |     7 |     3 ||    25
         Spider Form       |       |     4 |     4 ||     8
    Use: Scroll            |       |     4 |     1 ||     5
   Stab: Sleeping          |     2 |     1 |       ||     3
 Armour: Robe              |    11 |    22 |     7 ||    40
         Skin              |       |     1 |     3 ||     4
  Dodge: Dodged            |    39 |   131 |    44 ||   214

Table legend: (Time is in decaauts)
 A = Elapsed time spent in this place.
 B = Non-inter-level travel time spent in this place.
 C = Inter-level travel time spent in this place.
 D = Time resting spent in this place.
 E = Time spent auto-exploring this place.
 F = Levels seen in this place.
 G = Mean time per level.
                   A        B        C        D        E       F      G
               +--------+--------+--------+--------+--------+-----+--------+
         Total |   3668 |   3609 |     59 |   1089 |   1729 |   5 |  733.6 |
       Dungeon |   3668 |   3609 |     59 |   1089 |   1729 |   5 |  733.6 |
               +--------+--------+--------+--------+--------+-----+--------+

Top non-repeatable levels by time:
     D:1: 1116 daAuts
     D:2: 925 daAuts
     D:5: 656 daAuts
     D:4: 492 daAuts
     D:3: 476 daAuts
